 Dungeon Crawl Stone Soup version 0.17.0 (webtiles) character file.

23335 Eucla the Brawler (level 12, -3/124 HPs)
             Began as a Troll Monk on Nov 11, 2015.
             Was a High Priest of Ru.
             Slain by a black mamba (11 damage)
             ... on level 4 of the Lair of Beasts.
             The game lasted 00:21:51 (12707 turns).

Eucla the Brawler (Troll Monk)                     Turns: 12707, Time: 00:21:51

Health: -3/124     AC: 10    Str: 22    XL:     12   Next: 70%
Magic:  6/11       EV: 16    Int:  6    God:    Ru [*****.]
Gold:   1128       SH:  0    Dex: 20    Spells: 0 memorised, 11 levels left

rFire  . . .     SeeInvis .       - Unarmed
rCold  . . .     Clarity  .     O - +2 robe {MR+}
rNeg   + . .     SustAt   .     (no shield)
rPois  .         Gourm    +     (helmet restricted)
rElec  .         Spirit   .     d - +2 cloak
rCorr  .         Warding  .     (gloves unavailable)
rMut   .         Stasis   .     (boots unavailable)
MR     +....                    (no amulet)
Stlth  ++........               G - ring of positive energy
                                K - +4 ring of dexterity

@: exhausted, drained, somewhat resistant to hostile enchantments, unstealthy
A: unfitting armour, claws 3, fast metabolism 3, gourmand, regeneration 2,
screaming 1, shaggy fur 1, tough skin 2, no device heal 1, inability to use
devices, hated by all
a: Draw Out Power, Power Leap, Apocalypse, Renounce Religion


You were on level 4 of the Lair of Beasts.
You worshipped Ru.
Ru was extremely pleased with you.
You were hungry.

You visited 2 branches of the dungeon, and saw 15 of its levels.
You also visited: Sewer.

You collected 1128 gold pieces.

Inventory:

Armour
 a - a +0 robe
 d - a +2 cloak (worn)
 F - a troll hide
 O - a +2 robe of magic resistance (worn)
Jewellery
 A - an uncursed ring of stealth
 D - an uncursed ring of protection from magic
 G - a ring of positive energy (right claw)
 K - a +4 ring of dexterity (left claw)
 T - an uncursed ring of magical power {unknown}
 U - a cursed ring of teleportation {unknown}
Scrolls
 c - 5 scrolls of recharging {unknown}
 e - 5 scrolls of amnesia {unknown}
 h - 17 scrolls of identify {unknown}
 k - 3 scrolls of noise {unknown}
 l - 3 scrolls of teleportation {unknown}
 n - 4 scrolls of blinking {unknown}
 q - 8 scrolls of remove curse {unknown}
 r - a scroll of holy word {unknown}
 t - 2 scrolls of fear {unknown}
 y - a scroll of immolation {unknown}
 B - 2 scrolls of fog {unknown}
 E - a scroll of magic mapping {unknown}
 L - a scroll of brand weapon {unknown}
 N - a scroll of vulnerability {unknown}
 P - a scroll of enchant weapon {unknown}
Potions
 f - 7 potions of heal wounds {unknown}
 i - a potion of might {unknown}
 j - 4 potions of curing {unknown}
 m - 3 potions of haste {unknown}
 o - 3 potions of magic {unknown}
 s - 4 potions of lignification {unknown}
 u - 6 potions of poison {unknown}
 v - 2 potions of ambrosia {unknown}
 w - a potion of flight {unknown}
 C - 2 potions of resistance {unknown}
 J - 2 potions of degeneration {unknown}
 M - a potion of mutation {unknown}
 Q - a potion of cancellation {unknown}
Books
 H - a book of Ice

   Spells                             Type                      Level
   a - Ice Form                       Ice/Transmutation            4
   b - Metabolic Englaciation         Hexes/Ice                    5
   c - Ozocubu's Refrigeration        Ice                          6
   d - Bolt of Cold                   Conjuration/Ice              6
   e - Freezing Cloud                 Conjuration/Ice/Air          6
   f - Simulacrum                     Ice/Necromancy               6
 I - a book of Dreams

   Spells                             Type                      Level
   a - Ensorcelled Hibernation        Hexes/Ice                    2
   b - Phase Shift                    Translocation                5
   c - Shadow Creatures               Summoning                    5
   d - Silence                        Hexes/Air                    5
   e - Darkness                       Hexes                        6
   f - Mass Confusion                 Hexes                        6
 R - the Guide on Malediction and Toxins
   (You found it on level 2 of the Lair of Beasts)

   Spells                             Type                      Level
   a - Sting                          Conjuration/Poison           1
   b - Cure Poison                    Poison                       2
   c - Ignite Poison                  Fire/Transmutation/Poison    3
   d - Spectral Weapon                Hexes/Charms                 3
   e - Metabolic Englaciation         Hexes/Ice                    5
   f - Summon Mana Viper              Hexes/Summoning              5
Comestibles
 b - 11 bread rations
 g - 8 meat rations
 p - 7 beef jerkies
 x - 6 fruits
 z - 5 slices of pizza
 S - a royal jelly


   Skills:
 + Level 9.4(8.1) Fighting
 + Level 9.7(8.4) Dodging
 - Level 1.1(0.1) Stealth
 * Level 15.0(13.6) Unarmed Combat


You had 11 spell levels left.
You didn't know any spells.

Dungeon Overview and Level Annotations

Branches:
Dungeon (11/15)            Temple (0/1) D:4            Lair (4/8) D:9
    Orc (0/4) D:10
  Swamp: Lair:3-6    Shoals: Lair:3-6     Snake: Lair:3-6    Spider: Lair:3-6

Altars:
Dithmenos
Elyvilon
Fedhas
Gozag
Kikubaaqudgha
Makhleb
Nemelex Xobeh
Ru
Trog
Xom
Yredelemnul
The Shining One

Shops:
D:7 [   D:9 ?   D:11 ?

Portals:
Ice
Cave: Lair:3

Annotations:
Lair:3 exclusion: 5 oklob plants
Lair:4 Eucla's ghost, journeyman MiGl


Innate Abilities, Weirdness & Mutations

You are too large for most types of armour.
You have claws for hands.
Your metabolism is lightning-fast.
You like to eat raw meat.
You heal very quickly.
You occasionally shout uncontrollably at your foes.
You are covered in fur (AC +1).
You have very tough skin (AC +2).
Potions and wands are less effective at restoring your health.
You cannot study or use magical devices.
You are hated by all.


Message History

You found a teleport trap!
A black mamba comes into view.
The black mamba hisses angrily.
The fire drake breathes flames at you. The blast of flame misses you.
Unknown command.
The fire drake begins to attack, but is stunned by your will!
Unknown command.
Unknown command.
Unknown command.
Eucla's ghost stops glowing.
Found a scale mail.
Unknown command.
The black mamba bites you.
* * * LOW HITPOINT WARNING * * *
The fire drake begins to attack, but is stunned by your will!
Unknown command.
Unknown command.
The black mamba bites you!
You die...

#.......#.......#...
...##...................
...#............#....#..
.../....#...............
.......W................
#......^k.PP....P.#.....
..........PPP.#$.#.$#.##
.......S...PP...
.....#.@...#....
....#...........
....#...#P......
...............P
..............
......[.........
............#...
.............#.


You could see a black mamba, a fire drake and Eucla's ghost.

Vanquished Creatures
  An orc warlord (D:9)
  The ghost of busb the Cardsharp, a journeyman HEAs of Nemelex Xobeh (Lair:3)
  A hydra (Lair:3)
  The ghost of Ark the Grappler, a novice HOMo (D:8)
  Nergalle (Lair:1)
  Pikel (D:7)
  A cyclops (D:11)
  2 hill giants
  A kobold demonologist (D:11)
  5 spiny frogs
  3 komodo dragons
  2 trolls
  A wyvern (Lair:3)
  A human (D:7)
  2 basilisks (Lair:3)
  A hippogriff (D:7)
  26 yaks
  2 hungry ghosts (D:9)
  Menkaure (D:4)
  3 water moccasins
  17 wargs (D:9)
  4 porcupines
  An ice beast (D:9)
  3 phantoms
  A sky beast (D:7)
  4 slaves (D:7)
  11 orc warriors
  4 black bears
  A necrophage (D:10)
  3 centaurs
  8 ogres
  3 big kobolds
  3 crocodiles
  A gnoll sergeant (D:4)
  17 giant frogs
  A wyvern skeleton (D:11)
  3 scorpions
  4 crimson imps
  6 hounds
  11 orc priests
  4 centaur zombies
  2 giant frog zombies
  18 orc wizards
  Ijyb (D:2)
  3 jellies
  A giant frog skeleton (D:10)
  3 iguanas
  Terence (D:3)
  2 killer bee zombies
  6 worker ants
  9 sheep
  2 hound skeletons
  9 gnolls
  15 river rats
  2 worker ant zombies
  18 adders
  A shadow imp (D:7)
  3 oozes
  An adder skeleton (D:9)
  3 worms
  6 giant geckos
  98 orcs
  13 giant cockroaches
  9 goblins
  5 hobgoblins
  13 jackals
  2 quokkas
  3 ball pythons (Sewer)
  9 bats
  11 giant newts
  A jackal zombie (D:7)
  24 kobolds
  A quokka zombie (D:7)
  9 rats
  3 fungi
  3 plants
477 creatures vanquished.

Vanquished Creatures (others)
  A hydra (D:11)
  An orc knight (D:9)
  A yak (Lair:2)
  A warg (D:9)
  An orc warrior (D:8)
  A hound (D:9)
  An orc priest (D:10)
  2 iguanas
9 creatures vanquished.

Grand Total: 486 creatures vanquished

Notes
Turn   | Place    | Note
--------------------------------------------------------------
     0 | D:1      | Eucla the Troll Monk began the quest for the Orb.
     0 | D:1      | Reached XP level 1. HP: 22/22 MP: 0/0
   219 | D:1      | Reached XP level 2. HP: 29/29 MP: 1/1
   436 | D:1      | Reached XP level 3. HP: 32/36 MP: 2/2
   779 | D:2      | Noticed Ijyb
   787 | D:2      | Killed Ijyb
   805 | D:2      | Reached XP level 4. HP: 41/44 MP: 3/3
   825 | D:2      | Found a bloodstained altar of Trog.
   830 | D:2      | Reached skill level 5 in Unarmed Combat
  1250 | D:3      | Noticed Terence
  1267 | D:3      | Killed Terence
  1267 | D:3      | Reached XP level 5. HP: 47/53 MP: 4/4
  1317 | D:3      | Found an ancient bone altar of Kikubaaqudgha.
  1551 | D:3      | Found a glowing drain.
  1555 | Sewer    | Entered a sewer
  1764 | Sewer    | Reached skill level 6 in Unarmed Combat
  1764 | Sewer    | Reached XP level 6. HP: 39/61 MP: 5/5
  2686 | D:4      | Reached XP level 7. HP: 48/70 MP: 6/6
  2782 | D:4      | Reached skill level 7 in Unarmed Combat
  3061 | D:4      | Found a glowing golden altar of the Shining One.
  3260 | D:4      | Reached XP level 8. HP: 68/79 MP: 7/7
  3305 | D:4      | Found a staircase to the Ecumenical Temple.
  3361 | D:4      | Found a shadowy altar of Dithmenos.
  3406 | D:4      | Found a burning altar of Makhleb.
  3406 | D:4      | Noticed Menkaure
  3407 | D:4      | Found a sacrificial altar of Ru.
  3422 | D:4      | Killed Menkaure
  3422 | D:4      | Reached skill level 8 in Unarmed Combat
  3434 | D:4      | Became a worshipper of Ru the Awakened
  3446 | D:4      | Gained mutation: You cannot study or use magical devices. [Ru sacrifice]
  3446 | D:4      | Reached * piety under Ru
  3446 | D:4      | Reached ** piety under Ru
  3446 | D:4      | Reached *** piety under Ru
  3485 | D:5      | Entered Level 5 of the Dungeon
  3676 | D:5      | Found an opulent altar of Gozag.
  4001 | D:5      | Reached skill level 5 in Fighting
  4001 | D:5      | Reached skill level 5 in Dodging
  4478 | D:6      | Found a sparkling altar of Nemelex Xobeh.
  4624 | D:6      | Reached skill level 9 in Unarmed Combat
  4791 | D:6      | Gained mutation: You occasionally shout uncontrollably at your foes. [Ru sacrifice]
  5080 | D:7      | Reached XP level 9. HP: 88/88 MP: 8/8
  5186 | D:7      | Found a basalt altar of Yredelemnul.
  5361 | D:7      | Found Vyseiji's Antique Armour Boutique.
  5438 | D:7      | Noticed Pikel
  5453 | D:7      | Reached skill level 10 in Unarmed Combat
  5520 | D:7      | Noticed a troll
  5525 | D:7      | Killed a troll
  5671 | D:7      | Killed Pikel
  5836 | D:7      | Found a white marble altar of Elyvilon.
  5958 | D:7      | Reached skill level 11 in Unarmed Combat
  5958 | D:7      | Reached XP level 10. HP: 100/100 MP: 9/9
  6300 | D:8      | Found a blossoming altar of Fedhas.
  6351 | D:8      | You fall through a shaft for 3 floors!
  6358 | D:11     | Noticed a cyclops
  6377 | D:11     | HP: 4/100 [cyclops (19)]
  6379 | D:11     | Killed a cyclops
  6629 | D:11     | Gained mutation: You are hated by all. [Ru sacrifice]
  6629 | D:11     | Reached **** piety under Ru
  6763 | D:11     | Noticed a seven-headed hydra
  7593 | D:11     | Noticed a hill giant
  7600 | D:11     | Killed a hill giant
  7600 | D:11     | Reached skill level 12 in Unarmed Combat
  7671 | D:11     | Found Leisymur's Magic Scroll Shop.
  7801 | D:11     | Killed a seven-headed hydra
  7961 | D:10     | Entered Level 10 of the Dungeon
  8093 | D:10     | Noticed a hill giant
  8119 | D:10     | Killed a hill giant
  8123 | D:10     | Reached XP level 11. HP: 66/109 MP: 10/10
  8284 | D:10     | Found a staircase to the Orcish Mines.
  8394 | D:10     | Found a basalt altar of Yredelemnul.
  8796 | D:9      | Found a staircase to the Lair.
  8858 | D:9      | Found a shimmering altar of Xom.
  8971 | D:9      | Found Ysoeshro's Magic Scroll Boutique.
  9255 | D:9      | Gained mutation: Potions and wands are less effective at restoring your health. [Ru sacrifice]
  9255 | D:9      | Reached ***** piety under Ru
  9348 | D:9      | Reached skill level 13 in Unarmed Combat
  9864 | D:9      | Noticed an orc warlord
  9883 | D:9      | Killed an orc warlord
 10224 | D:8      | Noticed Ark's ghost (novice HOMo)
 10245 | D:8      | Killed Ark's ghost
 10610 | Lair:1   | Entered Level 1 of the Lair of Beasts
 10793 | Lair:1   | Noticed Nergalle
 10797 | Lair:1   | Reached XP level 12. HP: 91/122 MP: 11/11
 10841 | Lair:1   | Killed Nergalle
 10841 | Lair:1   | Reached skill level 14 in Unarmed Combat
 11611 | Lair:2   | Identified the Guide on Malediction and Toxins
 12190 | Lair:3   | Noticed a seven-headed hydra
 12198 | Lair:3   | Killed a 12-headed hydra
 12439 | Lair:3   | Found a frozen archway.
 12590 | Lair:3   | Noticed busb's ghost (journeyman HEAs)
 12606 | Lair:3   | Killed busb's ghost
 12606 | Lair:3   | Reached skill level 15 in Unarmed Combat
 12662 | Lair:4   | Noticed Eucla's ghost (journeyman MiGl)
 12698 | Lair:4   | HP: 5/124 [Eucla's ghost (6)]
 12707 | Lair:4   | Slain by a black mamba

Action                   |  1- 3 |  4- 6 |  7- 9 | 10-12 || total
-------------------------+-------+-------+-------+-------++-------
Melee: Unarmed           |    88 |   222 |   332 |   756 ||  1398
Invok: Sacrifice Purity  |       |       |     1 |     1 ||     2
       Sacrifice Artific |       |       |     1 |       ||     1
       Draw Out Power    |       |       |       |     4 ||     4
       Power Leap        |       |       |       |     2 ||     2
       Sacrifice Love    |       |       |       |     1 ||     1
       Apocalypse        |       |       |       |     3 ||     3
       Reject Sacrifices |       |       |       |     1 ||     1
 Stab: Sleeping          |     2 |     6 |     5 |     6 ||    19
       Invisible         |       |       |     3 |     6 ||     9
       Paralysed         |       |       |       |     6 ||     6
       Distracted        |       |       |       |     4 ||     4
  Eat: Chunk             |    12 |    15 |    29 |    53 ||   109
       Pizza             |       |       |       |     7 ||     7
